 Dungeon Crawl Stone Soup version 0.21.1-1-g345015f (webtiles) character file.

46141 empire the Carver (level 14, 0/129 HPs)
             Began as a Minotaur Fighter on May 29, 2018.
             Was a High Priest of Cheibriados.
             Succumbed to a redback's poison
             ... on level 2 of the Lair of Beasts.
             The game lasted 00:41:29 (16050 turns).

empire the Carver (Minotaur Fighter)               Turns: 16050, Time: 00:41:30

Health: 0/129      AC: 19    Str: 36    XL:     14   Next: 3%
Magic:  0/18       EV: 19    Int: 17    God:    Cheibriados [*****.]
Gold:   851        SH:  0    Dex: 24    Spells: 13/13 levels left

rFire    + . .     SeeInvis .   b - +5 triple sword (drain)
rCold    . . .     Gourm    .   (shield currently unavailable)
rNeg     . . .     Faith    .   n - +0 plate armour (curse)
rPois    .         Spirit   +   h - +0 hat of the Exiled Spirits {rF+ Dex+3 Stlth+}
rElec    .         Reflect  .   L - +0 cloak
rCorr    .         Harm     .   (no gloves)
MR       +....                  i - +2 pair of boots
Stlth    ..........             u - amulet of guardian spirit
HPRegen  0.31/turn              K - +2 ring of slaying (curse)
MPRegen  0.16/turn              A - +3 ring of evasion

@: lethally poisoned (0 -> -35), very slightly contaminated, very slow
A: retaliatory headbutt, horns 2
a: Bend Time, Temporal Distortion, Slouch, Step From Time, Renounce Religion


You were on level 2 of the Lair of Beasts.
You worshipped Cheibriados.
Cheibriados was extremely pleased with you.
You were hungry.

You visited 3 branches of the dungeon, and saw 17 of its levels.
You visited 1 bazaar.
You also visited: Ice Cave.

You collected 1481 gold pieces.
You spent 630 gold pieces at shops.

Inventory:

Hand Weapons
 a - a +1 long sword of flaming
 b - a +5 triple sword of draining (weapon)
 G - a +4 scimitar of flaming
Missiles
 E - 8 javelins (quivered)
Armour
 c - a +1 shield
 h - the +0 hat of the Exiled Spirits (worn) {rF+ Dex+3 Stlth+}
   (You acquired it on level 10 of the Dungeon)

   It affects your dexterity (+3).
   It protects you from fire.
   It makes you more stealthy.
 i - a +2 pair of boots (worn)
 n - a cursed +0 plate armour (worn)
 y - a +2 robe of cold resistance
 J - a +1 robe of fire resistance
 L - a +0 cloak (worn)
Magical Staves
 v - an uncursed staff of cold
Jewellery
 e - an uncursed amulet of faith
 k - a +3 amulet of reflection
 u - an amulet of guardian spirit (around neck)
 w - an uncursed ring of protection from magic {unknown}
 z - an uncursed ring of protection from fire {unknown}
 A - a +3 ring of evasion (right hand)
 D - a cursed ring of loudness {unknown}
 K - a cursed +2 ring of slaying (left hand)
Wands
 j - a wand of paralysis (13)
 r - a wand of flame (98)
 I - a wand of acid (12)
Scrolls
 d - 11 scrolls of remove curse
 g - 4 scrolls of magic mapping
 o - 5 scrolls of fear
 p - a scroll of identify
 s - 6 scrolls of teleportation
 C - a scroll of torment
Potions
 l - a potion of berserk rage
 t - 2 potions of might
 B - a potion of agility
 H - 2 potions of mutation
 V - a potion of brilliance
 Z - 4 potions of flight
Miscellaneous
 q - a phial of floods
Comestibles
 f - 32 rations
 F - 10 chunks of flesh


   Skills:
 + Level 13.5 Fighting
 - Level 14.1 Long Blades
 - Level 7.5 Throwing
 + Level 9.8 Armour
 + Level 9.3 Dodging
 - Level 9.3 Shields
 - Level 7.0 Invocations
 - Level 7.0 Evocations


You had 13 spell levels left.
You didn't know any spells.

Dungeon Overview and Level Annotations

Branches:
Dungeon (14/15)            Temple (1/1) D:7            Lair (2/6) D:8
  Swamp (0/4) Lair:2       Spider (0/4) Lair:2          Orc (0/2) D:10
 Vaults (0/5) D:13

Altars:
Ashenzari
Cheibriados
Dithmenos
Elyvilon
Fedhas
Gozag
Hepliaklqana
Kikubaaqudgha
Makhleb
Nemelex Xobeh
Okawaru
Qazlal
Ru
Sif Muna
Trog
Uskayaw
Vehumet
Wu Jian
Xom
Yredelemnul
Zin
The Shining One
Beogh

Annotations:
Lair:2 Gastronok


Innate Abilities, Weirdness & Mutations

You reflexively headbutt those who attack you in melee.
You have a pair of horns on your head.


Message History

* * * LOW HITPOINT WARNING * * *
You feel very sick.
You step out of the flow of time.
You return to the normal time flow.
You are feeling hungry.
Cheibriados lowers the support of your attributes as your movement quickens.
* * * LOW HITPOINT WARNING * * *
You feel very sick.
* * * LOW HITPOINT WARNING * * *
You feel very sick.
* * * LOW HITPOINT WARNING * * *
You feel sick.
* * * LOW HITPOINT WARNING * * *
You feel very sick.
Put on which piece of jewellery? (? for menu, Esc to quit)
You remove your +3 amulet of reflection.
* * * LOW HITPOINT WARNING * * *
You feel sick.
You feel your power drawn to a protective spirit.
u - an amulet of guardian spirit (around neck)
You die...

,♣...# #######........***,***,*,
,♣...##########......##,***,*,*,*
,♣<..............†.†..####******,
♣♣.......PP##*,,*#...##..####****
♣........###.###*#†..##.....#....
..........#......#...#......#...#
.........#......#....#P....##...#
.....................#.....##...#
#...............@......###.##...#
#P........#.....#.......##.##...#
.♣.......##.....................#
.........##....###..)...........#
.........##.P.#.P...............#
..........................>.....P
.♣.............................(#
#♣..............................#
*♣..............................#


There were no monsters in sight!

Vanquished Creatures
  Frances (D:13)
  Fannar (Lair:1)
  2 hydras
  4 vault guards (D:13)
  2 ice dragons (IceCv)
  A centaur warrior (D:13)
  8 two-headed ogres
  Erica (Lair:2)
  4 unseen horrors
  Pikel (D:4)
  2 ugly things
  A deep elf mage (D:13)
  2 manticores
  A cyclops (D:11)
  A black mamba (Lair:1)
  5 elephants (Lair:2)
  A gargoyle (D:12)
  2 ice statues (IceCv)
  2 spiny frogs
  2 rime drakes (IceCv)
  3 kobold demonologists (D:13)
  2 ice devils (Lair:2)
  3 komodo dragons
  A tengu conjurer (D:13)
  The ghost of AdmiralAndromeda the Covert, an amateur NaAs (D:3)
  5 trolls
  A queen bee (D:10)
  2 hornets (D:13)
  4 slime creatures (D:14)
  3 jumping spiders (Lair:2)
  A hornet (shapeshifter) (D:13)
  5 blink frogs (Lair:2)
  Sigmund (D:5)
  5 hippogriffs
  4 redbacks (Lair:2)
  A spriggan (shapeshifter) (D:14)
  3 shadows
  2 wraiths
  25 yaks
  Grum (D:8)
  A hungry ghost (D:10)
  3 water moccasins
  A soldier ant (D:11)
  Duvessa (D:7)
  An acid dragon (D:12)
  5 orc warriors
  4 porcupines
  3 sky beasts
  19 ice beasts
  A slave (D:4)
  3 black bears
  An eye of draining (D:11)
  A necrophage (D:10)
  4 ogres
  A phantom (D:6)
  2 wolves (D:8)
  4 crocodiles
  A centaur (D:10)
  9 bullfrogs
  2 big kobolds
  Dowan (D:7)
  7 scorpions
  4 wights (D:13)
  25 killer bees
  3 howler monkeys
  A crimson imp (D:5)
  2 bullfrog zombies
  4 jellies
  11 orc priests
  6 hounds
  3 bullfrog skeletons
  4 centaur skeletons
  14 orc wizards
  Jessica (D:2)
  3 iguanas
  Ijyb (D:3)
  Natasha (twice) (D:2)
  7 worker ants
  A statue (D:6)
  2 hound zombies (D:7)
  A howler monkey zombie (D:5)
  12 adders
  2 shadow imps
  2 oozes
  3 adder skeletons
  5 worms
  A dart slug (D:1)
  5 leopard geckos
  73 orcs
  5 giant cockroaches
  9 goblins
  14 hobgoblins
  5 jackals
  25 kobolds
  6 quokkas
  A ball python (D:2)
  5 bats
  9 frilled lizards
  A leopard gecko zombie (D:5)
  A quokka skeleton (D:4)
  6 rats
  A fungus (D:4)
  3 plants
481 creatures vanquished.

Vanquished Creatures (others)
  A shadow (D:11)
  A slave (D:6)
  An orc priest (D:6)
  An adder (D:4)
4 creatures vanquished.

Grand Total: 485 creatures vanquished

Notes
Turn   | Place    | Note
-------+----------+-------------------------------------------
     0 | D:1      | empire the Minotaur Fighter began the quest for the Orb.
     0 | D:1      | Reached XP level 1. HP: 19/19 MP: 0/0
    61 | D:1      | Reached skill level 3 in Long Blades
   192 | D:1      | Reached XP level 2. HP: 26/26 MP: 1/1
   493 | D:1      | Reached skill level 4 in Long Blades
   954 | D:2      | Reached XP level 3. HP: 31/31 MP: 2/2
   976 | D:2      | Found an ornate altar of the Wu Jian Council.
   978 | D:2      | Found a sparkling altar of Nemelex Xobeh.
   983 | D:2      | Noticed Jessica
   993 | D:2      | Killed Jessica
   993 | D:2      | Reached skill level 5 in Long Blades
  1006 | D:2      | Reached XP level 4. HP: 11/39 MP: 3/3
  1035 | D:2      | Noticed Natasha
  1616 | D:2      | Found an ancient bone altar of Kikubaaqudgha.
  1618 | D:2      | Found a hazy altar of Hepliaklqana.
  1653 | D:2      | Killed Natasha
  1653 | D:2      | Reached skill level 6 in Long Blades
  1904 | D:2      | Noticed Natasha
  1907 | D:2      | Killed Natasha
  1907 | D:2      | Reached XP level 5. HP: 45/45 MP: 4/4
  2158 | D:3      | Noticed AdmiralAndromeda's ghost (amateur NaAs)
  2176 | D:3      | Killed AdmiralAndromeda's ghost
  2176 | D:3      | Reached skill level 5 in Armour
  2176 | D:3      | Reached skill level 5 in Shields
  2176 | D:3      | Reached XP level 6. HP: 34/51 MP: 5/5
  2545 | D:3      | Noticed Ijyb
  2618 | D:3      | Killed Ijyb
  2618 | D:3      | Reached skill level 1 in Dodging
  2618 | D:3      | Reached XP level 7. HP: 33/57 MP: 6/6
  2748 | D:3      | Noticed a hand axe
  2749 | D:3      | Noticed a dagger
  2758 | D:3      | Found a hide-covered altar of Uskayaw.
  3174 | D:4      | Noticed Pikel
  3200 | D:4      | Killed Pikel
  3200 | D:4      | Reached XP level 8. HP: 11/64 MP: 7/7
  3606 | D:4      | Found a sacrificial altar of Ru.
  3870 | D:5      | Entered Level 5 of the Dungeon
  4032 | D:5      | Noticed Sigmund
  4054 | D:5      | Killed Sigmund
  4227 | D:5      | Got a bone quarterstaff
  4228 | D:5      | Identified the +8 quarterstaff of Siusudghi {freeze, +Rage Str+2 Int+5 Dex-5} (You found it on level 5 of the Dungeon)
  4364 | D:5      | Reached skill level 7 in Long Blades
  4749 | D:6      | Found a shattered altar of Ashenzari.
  4963 | D:6      | Found a radiant altar of Vehumet.
  5104 | D:6      | Reached skill level 5 in Fighting
  5155 | D:6      | Reached XP level 9. HP: 74/75 MP: 8/8
  5398 | D:6      | Found a basalt altar of Yredelemnul.
  5878 | D:7      | Reached skill level 1 in Evocations
  5904 | D:7      | Noticed Dowan
  5905 | D:7      | Noticed Duvessa
  5920 | D:7      | Killed Duvessa
  5936 | D:7      | Killed Dowan
  6035 | D:7      | Found a staircase to the Ecumenical Temple.
  6062 | Temple   | Entered the Ecumenical Temple
  6148 | Temple   | Became a worshipper of Cheibriados the Contemplative
  6550 | D:7      | Reached * piety under Cheibriados
  6597 | D:7      | Reached skill level 5 in Evocations
  6846 | D:8      | Reached XP level 10. HP: 57/86 MP: 14/14
  7055 | D:8      | Found a white marble altar of Elyvilon.
  7055 | D:8      | Found a glowing golden altar of the Shining One.
  7055 | D:8      | Found a glowing silver altar of Zin.
  7112 | D:8      | Reached ** piety under Cheibriados
  7112 | D:8      | Reached skill level 1 in Throwing
  7129 | D:8      | Noticed a two-headed ogre
  7136 | D:8      | Killed a two-headed ogre
  7281 | D:8      | Noticed Grum
  7301 | D:8      | Killed Grum
  7642 | D:8      | Found a staircase to the Lair.
  7648 | D:8      | Reached skill level 5 in Throwing
  7741 | D:9      | Noticed a two-headed ogre
  7747 | D:9      | Killed a two-headed ogre
  7792 | D:9      | Noticed a two-headed ogre
  7798 | D:9      | Killed a two-headed ogre
  7832 | D:9      | Reached skill level 1 in Invocations
  7878 | D:9      | Noticed a two-headed ogre
  7888 | D:9      | Killed a two-headed ogre
  8211 | D:9      | Got a shimmering rapier
  8212 | D:9      | Identified the cursed +3 rapier of Bread {distort, MR+ Int+3} (You found it on level 9 of the Dungeon)
  8320 | D:9      | Reached XP level 11. HP: 89/92 MP: 15/15
  8781 | D:10     | Entered Level 10 of the Dungeon
  8835 | D:10     | Reached *** piety under Cheibriados
  8835 | D:10     | Reached skill level 5 in Invocations
  8847 | D:10     | Found a roughly hewn altar of Beogh.
  8847 | D:10     | Found a staircase to the Orcish Mines.
  9083 | D:10     | Reached **** piety under Cheibriados
  9124 | D:10     | Noticed a two-headed ogre
  9128 | D:10     | Killed a two-headed ogre
  9228 | D:10     | Reached ***** piety under Cheibriados
  9231 | D:10     | Reached skill level 8 in Long Blades
  9451 | D:10     | Identified a scroll of acquirement
  9452 | D:10     | Got a faintly glowing hat
  9463 | D:10     | Identified the +0 hat of the Exiled Spirits {rF+ Dex+3 Stlth+} (You acquired it on level 10 of the Dungeon)
  9832 | D:11     | Found a flickering gateway to a bazaar.
  9845 | D:11     | Reached skill level 9 in Long Blades
  9848 | D:11     | Noticed an eight-headed hydra
  9855 | D:11     | Killed a four-headed hydra
  9886 | Bazaar   | Entered a bazaar
  9886 | Bazaar   | Found Ganunoup's Food Boutique.
  9886 | Bazaar   | Found Iruwaf's Jewellery Shoppe.
  9886 | Bazaar   | Found Huzu's Antique Armour Shop.
  9888 | Bazaar   | Found Oneureulay's General Store.
  9888 | Bazaar   | Found Gigoapto's Weapon Shop.
  9923 | Bazaar   | Bought a scroll of blinking for 127 gold pieces
  9923 | Bazaar   | Bought a scroll of magic mapping for 59 gold pieces
  9923 | Bazaar   | Bought 2 scrolls of identify for 68 gold pieces
  9926 | Bazaar   | Bought a +3 ring of evasion for 336 gold pieces
  9934 | Bazaar   | Bought a ration for 40 gold pieces
  9996 | D:11     | Reached skill level 10 in Long Blades
 10005 | D:11     | Noticed a two-headed ogre
 10009 | D:11     | Killed a two-headed ogre
 10055 | D:11     | Reached skill level 11 in Long Blades
 10125 | D:11     | Killed an unseen horror
 10262 | D:11     | Reached skill level 12 in Long Blades
 10269 | D:11     | Reached XP level 12. HP: 88/100 MP: 16/16
 10661 | D:12     | Reached ****** piety under Cheibriados
 10751 | D:12     | Reached skill level 13 in Long Blades
 10999 | D:12     | Noticed a two-headed ogre
 11005 | D:12     | Killed a two-headed ogre
 11066 | D:12     | Noticed an eight-headed hydra
 11071 | D:12     | Killed a five-headed hydra
 11071 | D:12     | Reached skill level 14 in Long Blades
 11764 | D:13     | Found a gate to the Vaults.
 11764 | D:13     | Noticed a vault guard
 11764 | D:13     | Noticed a vault guard
 11764 | D:13     | Noticed a vault guard
 11765 | D:13     | Noticed a vault guard
 11782 | D:13     | Killed a vault guard
 11795 | D:13     | Killed a vault guard
 11799 | D:13     | Killed a vault guard
 11801 | D:13     | Reached skill level 10 in Fighting
 11807 | D:13     | Killed a vault guard
 12351 | D:13     | Noticed Frances
 12363 | D:13     | Killed Frances
 12363 | D:13     | Reached XP level 13. HP: 94/118 MP: 17/17
 13751 | Lair:1   | Entered Level 1 of the Lair of Beasts
 14039 | Lair:1   | Noticed Fannar
 14048 | Lair:1   | Killed Fannar
 14518 | Lair:2   | Found a staircase to the Swamp.
 14609 | Lair:2   | Found a frozen archway.
 14623 | IceCv    | Entered an ice cave
 15985 | Lair:2   | Noticed Erica
 15993 | Lair:2   | Killed Erica
 16027 | Lair:2   | Found a hole to the Spider Nest.
 16034 | Lair:2   | Reached XP level 14. HP: 44/129 MP: 18/18
 16039 | Lair:2   | Noticed Gastronok
 16047 | Lair:2   | HP: 6/129 [poisoned by a redback]
 16049 | Lair:2   | HP: 2/129 [poisoned by a redback]
 16050 | Lair:2   | Succumbed to a redback's poison

Skill      XL: |  1  2  3  4  5  6  7  8  9 10 11 12 13 |
---------------+----------------------------------------+-----
Long Blades    | 3 4 5 6 7 12 14 | 14.1
Shields        | 5 6 7 9 |  9.3
Armour         | 5 6 7 9 |  9.8
Dodging        | 1 6 7 9 |  9.3
Fighting       | 5 7 12 13 | 13.5
Evocations     | 6 7 |  7.0
Throwing       | 7 |  7.5
Invocations    | 4 7 |  7.0

Action                   |  1- 3 |  4- 6 |  7- 9 | 10-12 | 13-15 || total
-------------------------+-------+-------+-------+-------+-------++-------
Melee: Long sword        |    64 |   142 |   416 |   542 |   177 ||  1341
       Headbutt          |     7 |    25 |    99 |   191 |    99 ||   421
       Unarmed           |       |    55 |       |       |       ||    55
       Triple sword      |       |       |       |       |    27 ||    27
Invok: Step From Time    |       |       |       |       |     1 ||     1
Evoke: Wand              |       |       |       |     3 |       ||     3
  Use: Potion            |     1 |     4 |     4 |     6 |     5 ||    20
       Scroll            |       |     2 |    11 |    11 |    10 ||    34
 Stab: Paralysed         |       |       |       |     4 |       ||     4
       Invisible         |       |       |       |       |     1 ||     1
  Eat: Chunk             |       |     6 |    14 |     8 |     6 ||    34
       Ration            |       |       |       |     1 |       ||     1
Armor: Scale mail        |    30 |    41 |    35 |       |       ||   106
       Chain mail        |       |       |   104 |    45 |       ||   149
       Plate armour      |       |       |       |   206 |    96 ||   302
Dodge: Dodged            |    11 |    79 |   120 |   266 |   173 ||   649
Block: Shield            |    45 |    74 |   218 |   454 |   156 ||   947
       Rpst.: Long sword |     4 |    10 |    38 |    38 |    28 ||   118
       Triple sword      |       |       |       |       |    17 ||    17
